 Dungeon Crawl Stone Soup version 0.17-a0-2064-g265a032 (webtiles) character file.

302 Impoz the Vandal (level 6, -1/42 HPs)
             Began as a Halfling Hunter on Oct 13, 2015.
             Killed by divine providence
             ... invoked by an orc priest
              (11 damage)
             ... on level 5 of the Dungeon.
             The game lasted 00:16:36 (3458 turns).

Impoz the Vandal (Halfling Hunter)                  Turns: 3458, Time: 00:16:36

Health: -1/42      AC:  5    Str: 12    XL:     6   Next: 65%
Magic:  6/6        EV: 17    Int: 15    God:
Gold:   141        SH:  0    Dex: 17    Spells: 0 memorised, 5 levels left

rFire  + . .     SeeInvis .     m - +2 dagger (freeze)
rCold  . . .     Clarity  .     t - +2 robe {rF+}
rNeg   . . .     SustAt   .     (shield restricted)
rPois  .         Gourm    .     (no helmet)
rElec  .         Spirit   .     (no cloak)
rCorr  .         Warding  .     n - +0 pair of gloves
rMut   .         Stasis   .     (no boots)
MR     .....                    (no amulet)
Stlth  ++........               (no ring)
                                (no ring)

@: brilliant, not resistant to hostile enchantments, unstealthy
A: mutation resistance 1
a: no special abilities


You were on level 5 of the Dungeon.
You were not hungry.

You visited 1 branch of the dungeon, and saw 5 of its levels.

You collected 141 gold pieces.

Inventory:

Hand Weapons
 a - a +1 hunting sling
 c - a +0 short sword
 k - a +0 spear
 l - a +0 spear
 m - a +2 dagger of freezing (weapon)
Missiles
 b - 9 sling bullets
 f - 34 stones (quivered)
Armour
 n - a +0 pair of gloves (worn)
 t - a +2 robe of fire resistance (worn)
Wands
 d - a wand of teleportation (5)
 w - a wand of polymorph (6)
Scrolls
 g - a scroll of remove curse
 h - a scroll of fear {unknown}
 i - 4 scrolls of identify
 q - a scroll of random uselessness
 y - a scroll of enchant weapon {unknown}
Potions
 e - a potion of magic
 o - a potion of flight
 p - a potion of brilliance
 r - a potion of degeneration {unknown}
 s - a potion of ambrosia {unknown}
 u - a potion of curing {unknown}
 v - a potion of invisibility {unknown}
Comestibles
 j - 4 meat rations
 x - a bread ration
 z - a royal jelly


   Skills:
 + Level 3.3 Fighting
 + Level 2.2 Short Blades
 + Level 7.5 Slings
 + Level 4.2 Dodging
 - Level 2.0 Stealth


You had 5 spell levels left.
You didn't know any spells.

Dungeon Overview and Level Annotations

Branches:
Dungeon (5/15)
 Temple: D:4-7

Altars:
Dithmenos
Kikubaaqudgha
Nemelex Xobeh
Ru
Trog
Yredelemnul
Zin


Innate Abilities, Weirdness & Mutations

You are small and have problems with some larger weapons.
You are somewhat resistant to further mutation.


Message History

You hit the orc wizard. You freeze the orc wizard.
The orc wizard is severely wounded.
The orc wizard hits you but does no damage.
You hit the orc wizard but do no damage.
The orc wizard is severely wounded.
The orc priest calls upon Beogh to heal the orc wizard.
The orc wizard is healed somewhat.
The orc wizard hits you but does no damage.
You hit the orc wizard. You freeze the orc wizard.
The orc wizard is heavily wounded.
The orc wizard points at you and mumbles some strange words.
You resist with some effort.
You hit the orc wizard but do no damage.
The orc wizard is heavily wounded.
You closely miss the orc wizard.
The orc wizard is heavily wounded.
The orc wizard hits you but does no damage.
The orc priest calls down the wrath of Beogh upon you.
Something smites you!
You die...

#.# ##..#....## ##.#
#....##..#......... #..#
#.##...............
##.#####.##.......#.......
...###.................(..
#####..#.##......##.......
...##.##.##......# .......
...##.##.##########o......
......##.###....@.oo......
....####.##.)######.......
............## .......
...#####.#### ...)... ...#
##.# ....... ...####..#
.o.[.$. ........## #......
######..# #..... ####


You could see an orc priest, an orc wizard and an orc.

Vanquished Creatures
  A centaur zombie (D:5)
  An orc priest (D:5)
  Jessica (D:3)
  4 worker ants
  Terence (D:2)
  An adder (D:3)
  A worm (D:2)
  2 giant geckos
  9 orcs
  6 giant cockroaches
  6 hobgoblins
  9 kobolds
  A quokka (D:2)
  A ball python (D:5)
  5 bats
  4 giant newts
  2 gnoll zombies (D:4)
  12 goblins
  4 rats
71 creatures vanquished.

Vanquished Creatures (others)
  An orc wizard (D:5)
1 creature vanquished.

Grand Total: 72 creatures vanquished

Notes
Turn   | Place    | Note
--------------------------------------------------------------
     0 | D:1      | Impoz the Halfling Hunter began the quest for the Orb.
     0 | D:1      | Reached XP level 1. HP: 14/14 MP: 1/1
   110 | D:1      | Reached XP level 2. HP: 19/19 MP: 2/2
   484 | D:1      | Reached skill level 6 in Slings
   848 | D:2      | Reached XP level 3. HP: 24/24 MP: 3/3
   987 | D:2      | Found a glowing silver altar of Zin.
  1667 | D:3      | Found a shadowy altar of Dithmenos.
  1675 | D:3      | Noticed Jessica
  1690 | D:3      | Killed Jessica
  1690 | D:3      | Reached XP level 4. HP: 27/30 MP: 4/4
  1772 | D:3      | Noticed Terence
  1888 | D:2      | HP: 1/30 [Terence/flail (5)]
  2245 | D:2      | Killed Terence
  2245 | D:2      | Reached XP level 5. HP: 35/35 MP: 5/5
  2683 | D:4      | Found a bloodstained altar of Trog.
  2763 | D:4      | Reached skill level 1 in Short Blades
  2867 | D:4      | Reached skill level 7 in Slings
  3017 | D:4      | Found a basalt altar of Yredelemnul.
  3080 | D:4      | Reached XP level 6. HP: 29/42 MP: 6/6
  3219 | D:4      | Found an ancient bone altar of Kikubaaqudgha.
  3226 | D:4      | Found a sacrificial altar of Ru.
  3233 | D:4      | Found a sparkling altar of Nemelex Xobeh.
  3279 | D:5      | Entered Level 5 of the Dungeon
  3458 | D:5      | Killed from afar by an orc priest

Vault maps used:
D:1:      minmay_arrival_plants_in_alcoves
D:2:      zin_statuary, st_stairs_3
D:3:      grunt_dithmenos_smoke, uniq_jessica, uniq_terence
D:4:      lemuel_zombie_altar_yredelemnul, bloody_trog,
          grunt_temple_overflow_diamond
D:5:      first_bread

Action                   |  1- 3 |  4- 6 || total
-------------------------+-------+-------++-------
Melee: Dagger            |    15 |    90 ||   105
       Short sword       |     9 |    50 ||    59
 Fire: Hunting sling     |    85 |    21 ||   106
  Use: Scroll            |     4 |     1 ||     5
       Potion            |       |     4 ||     4
 Stab: Sleeping          |       |     8 ||     8
       Distracted        |       |     1 ||     1
  Eat: Chunk             |     2 |       ||     2
       Bread ration      |       |     1 ||     1
       Royal jelly       |       |     1 ||     1
